 Dungeon Crawl Stone Soup version 0.25-a0-44-g29a1220a87 (webtiles) character file.

Game seed: 13312518354406524068, levelgen mode: deterministic

44 iamserjio the Slasher (level 3, -1/22 HPs)
             Began as a Tengu Skald on Oct 24, 2019.
             Slain by an ooze (5 damage)
             ... on level 2 of the Dungeon.
             The game lasted 00:01:20 (950 turns).

iamserjio the Slasher (Tengu Skald)                  Turns: 950, Time: 00:01:21

Health: -1/22      AC:  3    Str: 12    XL:     3   Next: 62%
Magic:  7/7        EV: 12    Int: 13    God:
Gold:   51         SH:  0    Dex: 13    Spells: 5/6 levels left

rFire    . . .     SeeInvis .   a - +0 falchion
rCold    . . .     Gourm    .   (no shield)
rNeg     . . .     Faith    .   b - +0 leather armour
rPois    .         Spirit   .   (helmet restricted)
rElec    .         Reflect  .   (no cloak)
rCorr    .         Harm     .   (no gloves)
MR       .....                  (boots unavailable)
Stlth    +.........             (no amulet)
HPRegen  0.07/turn              (no ring)
MPRegen  0.10/turn              (no ring)

@: no status effects
A: beak, talons 3
a: no special abilities


You were on level 2 of the Dungeon.
You were not hungry.

You visited 1 branch of the dungeon, and saw 2 of its levels.

You collected 51 gold pieces.

Inventory:

Hand Weapons
 a - a +0 falchion (weapon)
Missiles
 c - 22 arrows
Armour
 b - a +0 leather armour (worn)
Scrolls
 e - a scroll of remove curse {unknown}
 g - a scroll of teleportation {unknown}
 h - a scroll of blinking {unknown}
Potions
 i - a potion of might {unknown}
Comestibles
 d - a ration


   Skills:
 + Level 2.7 Fighting
 * Level 3.7 Long Blades
 - Level 1.1 Armour
 - Level 2.1 Dodging
 - Level 2.0 Spellcasting
 - Level 2.4 Charms


You had 5 spell levels left.
You knew the following spells:

 Your Spells              Type           Power        Failure   Level  Hunger
a - Infusion              Chrm           #...         12%         1    ##.....

Your spell library contained the following spells:

 Spells                   Type           Power        Failure   Level  Hunger
 Song of Slaying          Chrm           #.......     19%         2    ###....
 Shroud of Golubria       Chrm/Tloc      #.....       30%         2    ###....
 Regeneration             Chrm/Necr      #.........   52%         3    ####...
 Spectral Weapon          Hex/Chrm       #.......     52%         3    ####...


Dungeon Overview and Level Annotations

Branches:
Dungeon (2/15)

Altars:
The Shining One

Annotations:
D:2 Robin


Innate Abilities, Weirdness & Mutations

You have a beak for a mouth.
You have claws for feet.


Message History

You feel sick.
The goblin unwields a +0 hunting sling.
The goblin wields a +0 dagger.
The goblin hits the bush but does no damage.
Found 11 gold pieces.
You feel sick.
Something hits the plant but does no damage.
You feel sick. The goblin closely misses you.
You riposte.
You barely miss the goblin. You claw the goblin, but do no damage.
Your peck misses the goblin.
The goblin no longer looks unusually strong.
The goblin misses you. The goblin closely misses you.
You riposte.
You hit the goblin.
You kill the goblin!
An ooze comes into view.
The ooze quivers.
The goblin closely misses you.
You feel sick.
You are no longer poisoned.
The ooze hits you.
You die...

.# ..# ... ...
..######## .......... ##
...g...... .#####.
............# ##.......
............ ###@J.#
............ #...###
###.....♣..# #g###
#gP.♣♣♣.###g#
#.gg♣P♣P..#.##
####.#.P..#..)g.########
gg...##ggg.g###...$....#
####(..g.#### #........#
.....##### #........#


You could see an ooze and 2 goblins.

Vanquished Creatures
  A gnoll (D:1)
  An adder (D:2)
  2 giant cockroaches (D:1)
  4 goblins
  3 hobgoblins (D:1)
  3 kobolds (D:1)
  8 bats (D:1)
  3 frilled lizards (D:1)
  3 rats (D:1)
28 creatures vanquished.

Notes
Turn   | Place    | Note
-------+----------+-------------------------------------------
     0 | D:1      | iamserjio the Tengu Skald began the quest for the Orb.
     0 | D:1      | Reached XP level 1. HP: 12/12 MP: 4/4
   377 | D:1      | Reached XP level 2. HP: 17/17 MP: 6/6
   400 | D:1      | Reached skill level 3 in Long Blades
   598 | D:1      | Reached XP level 3. HP: 22/22 MP: 7/7
   913 | D:2      | Noticed Robin
   915 | D:2      | Found a glowing golden altar of the Shining One.
   950 | D:2      | Slain by an ooze

Levels and vault maps discovered:
D:1:      co_arrival_square_in_a_square_in_a_square, layout_basic,
          minmay_ruptured
D:2:      layout_rooms, old_standard_altar, kiku_gazebo_garden_becter,
          serial_forest, infiniplex_forest_straight_4,
          infiniplex_forest_clump_diagonal, infiniplex_forest_end_double,
          infiniplex_forest_3_way, infiniplex_forest_clump_small,
          infiniplex_forest_zigzag_1, fountainhead, uniq_robin

Skill      XL: |  1  2 |
---------------+-------+-----
Long Blades    | 3 |  3.7
Fighting       | |  2.7
Armour         | |  1.1
Dodging        | |  2.1
Spellcasting   | |  2.0
Charms         | |  2.4

Action                   || total
-------------------------++-------
Melee: Falchion          ||    52
       Kick              ||    11
       Peck              ||     5
Armor: Leather armour    ||    15
Dodge: Dodged            ||    38
       Rpst.: Falchion   ||    14

Table legend:
 A = Non-vault XP
 B = Vault XP
 C = Vault XP percentage of total XP
 D = Non-vault monster count
 E = Vault monster count
 F = Vault count percentage of total count
                 A         B        C        D         E       F
            +---------+---------+-------+---------+---------+-------
      Total |      54 |      10 |  15.6 |      22 |       6 |  21.4
            +---------+---------+-------+---------+---------+-------
        D:1 |      41 |       8 |  16.3 |      21 |       5 |  19.2
        D:2 |      13 |       2 |  13.3 |       1 |       1 |  50.0
            +---------+---------+-------+---------+---------+-------
